Map: Overgrowth LE (Void)

Players

Tom - Winner!

  • Race: Zerg Zerg
  • League: Gold
  • Spawn Location: 1:00

Fropez

  • Race: Protoss Protoss
  • League: Gold
  • Spawn Location: 7:00

VOD

Have the link to the VOD?

Description

Time

  • Played on: Nov. 28, 2016, 7:25 p.m.
  • Length: 12:56
Show
View Real Time Build Order
Export as new Build Order

Tom Zerg - Winner!

Build Orders: Hatch First 

Get SALT Encoding   

  12  0:01  Drone  
  13  0:09  Drone  
  14  0:17  Overlord  
  14  0:36  Drone x3  
  17  0:54  Hatchery  
  16  0:58  Drone  
  16  0:59  Drone  
  16  1:04  Extractor  
  17  1:18  Spawning Pool, Drone  
  16  1:22  Drone  
  18  1:32  Drone  
  19  1:43  Overlord  
  19  2:06  Metabolic Boost  
  19  2:08  Queen  
  19  2:10  Queen  
  19  2:14  Zergling x2  
  19  2:15  Zergling x6  
  27  2:23  Drone  
  27  2:26  Drone  
  30  2:30  Drone  
  30  2:44  Drone x2  
  30  2:47  Queen  
  34  2:54  Extractor  
  34  2:56  Evolution Chamber  
  32  2:59  Evolution Chamber, Drone x3  
  31  3:33  Zergling x10  
  36  3:35  Overlord  
  36  3:36  Overlord x3  
  36  3:40  Zerg Melee Weapons Level 1  
  35  3:58  Baneling Nest  
  35  4:00  Drone x3  
  37  4:07  Drone x3  
  35  4:40  Zerg Ground Armor Level 1  
  35  4:43  Drone  
  35  4:44  Drone x7  
  43  4:47  Extractor  
  42  4:59  Hatchery  
  41  5:06  Zergling x10  
  41  5:07  Zergling x2  
  47  5:10  Lair  
  47  5:17  Roach Warren  
  46  5:28  Zergling x2  
  47  5:30  Zergling x2  
  47  5:31  Zergling x10  
  47  5:34  Baneling x8  
  47  5:35  Baneling x3  
  53  5:51  Zergling x10  
  53  5:52  Zergling x2  
  53  5:56  Zerg Missile Weapons Level 1  
  59  6:01  Drone x2  
  62  6:04  Drone x2  
  63  6:19  Centrifical Hooks  
  63  6:23  Glial Reconstitution  
  55  6:51  Drone  
  55  6:52  Drone x13  
  55  6:53  Queen  
  71  6:58  Extractor  
  70  7:04  Zerg Melee Weapons Level 2  
  70  7:11  Drone x4  
  70  7:13  Overlord  
  74  7:38  Roach x4  
  74  7:41  Overlord x4  
  82  7:47  Baneling x4  
  82  7:48  Baneling x6  
  82  7:49  Baneling x8  
  82  8:13  Roach x2  
  82  8:14  Roach x10  
  82  8:15  Overlord x2  
  82  8:16  Overlord x3  
  106  8:24  Hydralisk Den  
  106  8:26  Zerg Missile Weapons Level 2  
  94  8:55  Zergling x18  
  97  9:01  Grooved Spines  
  103  9:07  Extractor  
  103  9:08  Extractor  
  101  9:25  Baneling x4  
  101  9:26  Baneling x9  
  101  9:27  Baneling x5  
  101  9:30  Drone x3  
  104  9:32  Drone x3  
  107  9:50  Drone  
  108  9:55  Hydralisk x2  
  108  9:56  Hydralisk x6, Hatchery  
  108  10:39  Muscular Augments  
  108  10:48  Infestation Pit  
  107  10:52  Hydralisk x6, Roach x3  
  107  10:53  Roach x4  
  107  10:54  Roach  
  129  11:25  Zergling x6  
  130  11:26  Zergling x22  
  130  11:28  Queen  
  143  11:34  Hive  
  143  11:35  Pathogen Glands  
  143  11:39  Burrow  
  143  11:45  Pneumatized Carapace  
  143  12:00  Baneling x5  
  143  12:01  Baneling x9  
  143  12:02  Baneling x5  
  143  12:03  Baneling x6  
  143  12:04  Overlord x2  
  143  12:05  Overlord x3  
  143  12:14  Extractor x2  
Show
View Real Time Build Order
Export as new Build Order

Fropez Protoss 

Build Orders: 1 Gate Expand, Zealot Archon 

Get SALT Encoding   

  12  0:01  Probe (Chrono Boost)  
  13  0:11  Probe (Chrono Boost)  
  14  0:18  Pylon  
  14  0:22  Probe (Chrono Boost)  
  15  0:35  Pylon  
  15  0:37  Probe (Chrono Boost)  
  16  0:45  Gateway  
  16  0:48  Probe (Chrono Boost)  
  17  0:58  Assimilator  
  17  0:59  Probe (Chrono Boost)  
  18  1:11  Probe (Chrono Boost)  
  19  1:12  Assimilator  
  19  1:21  Probe (Chrono Boost)  
  20  1:36  Nexus  
  20  1:39  Probe (Chrono Boost)  
  21  1:55  Cybernetics Core  
  21  1:57  Probe (Chrono Boost)  
  22  2:15  Probe (Chrono Boost)  
  23  2:18  Gateway  
  23  2:25  Probe (Chrono Boost)  
  24  2:30  Assimilator  
  24  2:36  Mothership Core (Chrono Boost)  
  28  2:40  Adept  
  28  2:49  Probe (Chrono Boost)  
  29  2:54  Probe (Chrono Boost), Gateway  
  30  3:01  Probe (Chrono Boost)  
  30  3:02  Pylon  
  32  3:15  Adept  
  32  3:17  Adept  
  32  3:25  Probe (Chrono Boost)  
  32  3:37  Probe (Chrono Boost)  
  32  3:42  Probe (Chrono Boost)  
  32  3:43  Twilight Council  
  33  3:51  Probe (Chrono Boost)  
  33  3:54  Adept  
  33  3:55  Adept  
  38  3:57  Adept  
  40  4:09  Twilight Council  
  40  4:13  Gateway  
  40  4:14  Probe (Chrono Boost)  
  41  4:18  Pylon  
  41  4:33  Resonating Glaives (Chrono Boost)  
  41  4:46  Charge (Chrono Boost)  
  41  4:48  Adept x2  
  41  4:51  Warp Gate (Chrono Boost)  
  45  5:02  Zealot x2  
  49  5:09  Probe  
  49  5:10  Probe  
  51  5:21  Probe  
  51  5:27  Probe  
  53  5:31  Assimilator  
  53  5:33  Probe  
  54  5:39  Probe  
  55  5:43  Zealot x3  
  55  5:46  Probe  
  62  5:56  Pylon  
  62  5:57  Pylon  
  62  6:14  Pylon, Probe x2, Zealot  
  66  6:29  Gateway x2  
  66  6:34  Probe x2, Templar Archives  
  54  6:48  Stalker x2  
  54  6:49  Probe  
  54  6:50  Probe  
  60  7:03  Pylon, Probe  
  61  7:15  Pylon  
  61  7:20  Pylon  
  61  7:21  High Templar  
  61  7:22  High Templar x3  
  69  7:25  Archon  
  69  7:26  Archon  
  69  7:30  Gateway  
  69  7:31  Gateway  
  69  7:51  Probe  
  69  7:53  Stalker x2  
  69  7:54  Psionic Storm  
  69  7:56  Stalker x4  
  81  8:03  Blink (Chrono Boost)  
  81  8:20  High Templar x3  
  81  8:23  Zealot x3  
  81  8:25  Archon  
  73  8:51  High Templar x3  
  73  8:53  Zealot x2  
  79  9:00  Probe x2  
  79  9:02  Nexus  
  81  9:16  Probe  
  82  9:17  Gateway  
  82  9:20  Zealot x2  
  86  9:24  Probe  
  87  9:43  Zealot  
  87  9:44  Zealot x4  
  79  10:13  Archon  
  53  10:25  Probe  
  53  10:27  Probe x2  
  56  10:32  Forge  
  56  10:33  Forge, Assimilator  
  56  10:36  Probe, Robotics Facility  
  56  10:37  Assimilator  
  56  10:39  Probe  
  58  10:43  High Templar x3  
  58  10:44  Pylon, High Templar  
  58  10:46  High Templar  
  58  10:47  High Templar  
  58  10:48  Archon x2  
  70  10:52  Archon  
  70  10:56  High Templar x2  
  74  11:00  Archon, Probe  
  74  11:02  Probe x2  
  61  11:22  Zealot x3  
  61  11:23  Zealot x3  
  73  11:43  Warp Prism  
  75  11:54  Probe  
  75  11:56  Probe  
  75  12:01  Zealot x6  
  83  12:02  Zealot x2  
  81  12:23  High Templar x2  
  81  12:24  High Templar x5  
  81  12:27  Archon  
  81  12:28  Archon x2  
  59  12:44  Zealot x2  
Tags
 
Add a new tag
Caveats
  • Supply blocks, unpowered buildings, or Contaminate may cause inaccurate times.
  • Supply counts are checked every 10 seconds.